 Dungeon Crawl Stone Soup version 0.23.2-11-gf996548c65 (webtiles) character file.

Game seed: 13587663889551966446

399 teukkam the Covered (level 6, -7/56 HPs)
             Began as a Minotaur Fighter on June 6, 2019.
             Was a Believer of Qazlal.
             Killed by divine providence
             ... invoked by an orc priest
              (15 damage)
             ... on level 4 of the Dungeon.
             The game lasted 00:09:55 (3523 turns).

teukkam the Covered (Minotaur Fighter)              Turns: 3523, Time: 00:09:56

Health: -7/56      AC:  9    Str: 22    XL:     6   Next: 54%
Magic:  5/5        EV:  5    Int: 10    God:    Qazlal [**....]
Gold:   133        SH:  0    Dex: 10    Spells: 5/5 levels left

rFire    . . .     SeeInvis .   a - +0 war axe
rCold    . . .     Gourm    .   c - +0 shield
rNeg     . . .     Faith    .   C - +0 chain mail
rPois    .         Spirit   .   (helmet restricted)
rElec    .         Reflect  +   (no cloak)
rCorr    .         Harm     .   (no gloves)
MR       .....                  (no boots)
Stlth    ..........             o - +3 amulet of reflection
HPRegen  0.18/turn              (no ring)
MPRegen  0.09/turn              (no ring)

@: confused, brilliant, lethally poisoned (-7 -> -9), drained
A: retaliatory headbutt, horns 2
a: Upheaval, Renounce Religion


You were on level 4 of the Dungeon.
You worshipped Qazlal.
Qazlal was pleased with you.
You were not hungry.

You visited 1 branch of the dungeon, and saw 4 of its levels.
You also visited: Sewer.

You collected 133 gold pieces.

Inventory:

Hand Weapons
 a - a +0 war axe (weapon)
 b - a +0 hunting sling
 h - a +0 dagger of venom
 i - a +3 dagger of draining
 n - a +0 blowgun
Missiles
 d - 33 sling bullets
 g - 43 stones (quivered)
 j - a throwing net
 q - 7 tomahawks
 t - 31 poisoned needles
Armour
 c - a +0 shield (worn)
 r - a +0 scale mail
 C - a +0 chain mail (worn)
Jewellery
 o - a +3 amulet of reflection (around neck)
Scrolls
 e - 7 scrolls of magic mapping {unknown}
 k - a scroll of immolation {unknown}
 m - a scroll of remove curse {unknown}
 p - 5 scrolls of identify {unknown}
 x - a scroll of enchant weapon {unknown}
 y - a scroll of fear {unknown}
 A - a scroll of amnesia {unknown}
Potions
 l - a potion of brilliance
 s - a potion of mutation {unknown}
 u - 2 potions of flight {unknown}
 v - 2 potions of heal wounds {unknown}
 z - a potion of cancellation {unknown}
Comestibles
 f - 6 rations


   Skills:
 + Level 5.2(4.5) Fighting
 + Level 2.6(1.9) Short Blades
 + Level 4.3(3.6) Axes
 + Level 5.2(4.5) Armour
 + Level 5.1(4.4) Shields


You had 5 spell levels left.
You didn't know any spells.
Your spell library was empty.

Dungeon Overview and Level Annotations

Branches:
Dungeon (4/15)
 Temple: D:4-7

Altars:
Nemelex Xobeh
Okawaru
Qazlal
Xom


Innate Abilities, Weirdness & Mutations

You reflexively headbutt those who attack you in melee.
You have a pair of horns on your head.


Message History

You feel clever all of a sudden. The orc priest hits you with a +0 whip.
* * * LOW HITPOINT WARNING * * *
The adder bites you.
* * * LOW HITPOINT WARNING * * *
You hear some strange, mumbled words.
You are more confused.
You completely miss something. You closely miss the orc priest.
You barely miss the orc priest. You miss the adder.
You feel sick. The adder bites you but does no damage.
The orc priest hits you with a +0 whip.
* * * LOW HITPOINT WARNING * * *
The orc priest hits you but does no damage.
You feel drained. The adder bites you but does no damage.
You hear some strange, mumbled words.
A magic dart appears from out of thin air!
The magic dart hits you but does no damage.
The orc priest hits you but does no damage.
The orc priest invokes the aid of Beogh against you.
Beogh smites you!
You die...

#(.####..# #......... #
####......... #.
#...(........ #.
#.##.........
#..#.##.........
#..#.##ooS......
#......{@# ####.#####
###.# # #...# ##+# .
#.### ##...## # #.###
##.....## ## #.#.##
##.......## ##.
#....####.........####..
#.......+.........'.....


You could see 2 orc priests and an adder.

Vanquished Creatures
  A big kobold (Sewer)
  A crimson imp (D:3)
  An orc priest (D:3)
  3 orc wizards (D:3)
  A bullfrog skeleton (D:3)
  Jessica (D:2)
  Robin (D:3)
  3 adders
  A river rat (Sewer)
  A worm (D:2)
  2 dart slugs (D:2)
  5 leopard geckos
  9 orcs
  2 giant cockroaches (D:3)
  8 goblins (D:3)
  7 hobgoblins
  A ball python (D:2)
  5 bats
  9 frilled lizards
  9 kobolds
  11 rats
  A plant (D:2)
83 creatures vanquished.

Notes
Turn   | Place    | Note
-------+----------+-------------------------------------------
     0 | D:1      | teukkam the Minotaur Fighter began the quest for the Orb.
     0 | D:1      | Reached XP level 1. HP: 19/19 MP: 0/0
    36 | D:2      | Found a sparkling altar of Nemelex Xobeh.
    60 | D:2      | Reached XP level 2. HP: 10/27 MP: 1/1
   627 | D:2      | Reached XP level 3. HP: 33/33 MP: 2/2
   633 | D:2      | Found a stormy altar of Qazlal.
   648 | D:2      | Found an iron altar of Okawaru.
   648 | D:2      | Found a shimmering altar of Xom.
   667 | D:2      | Became a worshipper of Qazlal Stormbringer
  1580 | D:2      | Noticed Jessica
  1581 | D:2      | Killed Jessica
  1581 | D:2      | Reached XP level 4. HP: 40/40 MP: 3/3
  1714 | D:3      | Noticed Robin
  1725 | D:3      | Reached skill level 1 in Short Blades
  1731 | D:3      | Killed Robin
  1760 | D:3      | Reached * piety under Qazlal
  1909 | D:3      | Found a glowing drain.
  1913 | Sewer    | Entered a sewer
  1968 | Sewer    | Noticed a big kobold
  1985 | Sewer    | Killed a big kobold
  1985 | Sewer    | Reached XP level 5. HP: 31/47 MP: 4/4
  2188 | Sewer    | Found a white marble altar of Elyvilon.
  2653 | D:3      | Reached skill level 5 in Armour
  2653 | D:3      | Reached XP level 6. HP: 55/55 MP: 5/5
  2677 | D:3      | Reached ** piety under Qazlal
  2682 | D:3      | Reached skill level 5 in Fighting
  2682 | D:3      | Reached skill level 5 in Shields
  3523 | D:4      | Killed from afar by an orc priest

Skill      XL: |  1  2  3  4  5  6 |
---------------+-------------------+-----
Fighting       | 4 5 |  5.2
Armour         | 4 5 |  5.2
Shields        | 4 5 |  5.1
Axes           | 3 4 |  4.3
Short Blades   | 1 2 |  2.6

Action                   |  1- 3 |  4- 6 || total
-------------------------+-------+-------++-------
Melee: War axe           |    98 |   108 ||   206
       Headbutt          |     8 |    18 ||    26
       Dagger            |       |    21 ||    21
 Fire: Hunting sling     |       |    24 ||    24
  Use: Potion            |     1 |     7 ||     8
  Eat: Ration            |     1 |     1 ||     2
       Chunk             |       |     3 ||     3
Armor: Scale mail        |    38 |    58 ||    96
       Chain mail        |       |    23 ||    23
Dodge: Dodged            |    20 |    27 ||    47
Block: Shield            |    43 |    84 ||   127
       Reflection        |       |     1 ||     1
